 Dungeon Crawl Stone Soup version 0.22-a0-525-gf69a080 (webtiles) character file.

46 worryfever the Skirmisher (level 3, -1/29 HPs)
             Began as a Human Chaos Knight on June 22, 2018.
             Killed by nerve-wracking pain
             ... invoked by an orc priest
              (11 damage)
             ... on level 3 of the Dungeon.
             The game lasted 00:03:45 (532 turns).

worryfever the Skirmisher (Human Chaos Knight)       Turns: 532, Time: 00:03:45

Health: -1/29      AC:  7    Str: 13    XL:     3   Next: 95%
Magic:  3/3        EV: 11    Int: 12    God:    Xom [....*.]
Gold:   37         SH:  0    Dex: 12    Spells: 2/2 levels left

rFire    . . .     SeeInvis .   a - +0 falchion (chaos)
rCold    . . .     Gourm    .   (no shield)
rNeg     . . .     Faith    .   b - +3 leather armour
rPois    .         Spirit   .   (no helmet)
rElec    .         Reflect  .   (no cloak)
rCorr    +         Harm     .   (no gloves)
MR       .....                  d - +0 pair of boots
Stlth    +.........             (no amulet)
HPRegen  0.09/turn              e - ring of resist corrosion
MPRegen  0.08/turn              (no ring)

@: no status effects
A: no striking features
a: Renounce Religion


You were on level 3 of the Dungeon.
You worshipped Xom.
You were a beloved toy of Xom.
You were not hungry.

You visited 1 branch of the dungeon, and saw 3 of its levels.

You collected 37 gold pieces.

Inventory:

Hand Weapons
 a - a +0 falchion of chaos (weapon)
Armour
 b - a +3 leather armour (worn)
 d - a +0 pair of boots (worn)
Jewellery
 e - a ring of resist corrosion (left hand)
Comestibles
 c - a ration


   Skills:
 + Level 3.5 Fighting
 + Level 3.4 Long Blades
 + Level 2.5 Armour
 + Level 1.3 Dodging
 + Level 0.6 Stealth


You had 2 spell levels left.
You didn't know any spells.
Your spell library was empty.

Dungeon Overview and Level Annotations

Branches:
Dungeon (2/15)

Altars:
Xom


Message History

You hit the adder.
The adder is severely wounded.
The adder blinks!
The orc priest hits you with a hand axe.
The rat closely misses you.
You riposte.
You closely miss the rat.
An orc priest comes into view.
The orc priest hits you with a hand axe.
You emit a cloud of colourful smoke!
The orc priest shouts!
You hit the rat.
You kill the rat!
The orc priest barely misses you.
You slash the adder!
You kill the adder!
The orc priest looks satisfied for a moment. "Serve the mortal, my child!"
The orc priest invokes the aid of Beogh against you.
Pain shoots through your body!
You die...
Xom titters!

... ... ####.. #
#....## ###
#.##.##.$ ..#
...##.#
#.#######.##!#######
................@§§#
#..######.......§o§#
#..####.#....o..5..#
#.......#....#######
##.####.#..### ...#
#.#... ........#.##.
#########.# .


You could see 2 orc priests and a friendly ufetubus.

Vanquished Creatures
  2 adders
  An ooze (D:2)
  6 bats (D:1)
  6 goblins (D:1)
  A hobgoblin (D:1)
  3 kobolds (D:1)
  2 frilled lizards (D:1)
  7 rats
  A toadstool (D:1)
29 creatures vanquished.

Vanquished Creatures (others)
  3 toadstools (D:1)
3 creatures vanquished.

Grand Total: 32 creatures vanquished

Notes
Turn   | Place    | Note
-------+----------+-------------------------------------------
     0 | D:1      | worryfever the Human Chaos Knight began the quest for the Orb.
     0 | D:1      | Reached XP level 1. HP: 18/18 MP: 1/1
    30 | D:1      | Reached XP level 2. HP: 18/24 MP: 2/2
   148 | D:1      | XOM: silly message
   307 | D:1      | Reached XP level 3. HP: 29/29 MP: 3/3
   308 | D:1      | XOM: harmless Pois miscast
   362 | D:1      | XOM: scenery: create altars
   492 | D:2      | You fall through a shaft!
   529 | D:3      | XOM: smoke on damage
   532 | D:3      | XOM: summons friendly ufetubus
   532 | D:3      | Killed from afar by an orc priest

Vault maps used:
D:1:      ldierk_walled_garden_2
D:2:      lemuel_crystal_altar, kennysheep_generic_room_7,
          uniq_crazy_yiuf_cottage
D:3:      uniq_natasha

Action                   || total
-------------------------++-------
Melee: Falchion          ||    72
  Use: Scroll            ||     2
 Stab: Paralysed         ||     2
Armor: Leather armour    ||    54
Dodge: Dodged            ||    85
       Rpst.: Falchion   ||    34

Table legend:
 A = Spawn XP
 B = Non-spawn XP
 C = Spawn XP percentage of total XP
 D = Spawn monster count
 E = Non-spawn monster count
 F = Spawn count percentage of total count
 G = Total turns spent on level
                    A         B        C        D         E        F      G
               +---------+---------+-------+---------+---------+-------+---------
         Total |       0 |      67 |   0.0 |       0 |      28 |   0.0 |   532
               +---------+---------+-------+---------+---------+-------+---------
           D:1 |       0 |      32 |   0.0 |       0 |      24 |   0.0 |   443
           D:2 |       0 |      20 |   0.0 |       0 |       2 |   0.0 |    49
           D:3 |       0 |      15 |   0.0 |       0 |       2 |   0.0 |    40
               +---------+---------+-------+---------+---------+-------+---------
